 Dungeon Crawl Stone Soup version 0.31-a0-164-g2312942fda (webtiles) character file.

Game seed: 8834427319885840674

1304 qw the Skirmisher (level 8, -3/50 HPs)
             Began as a Gargoyle Hunter on June 13, 2023.
             Slain by Pikel
             ... wielding a +2 whip of freezing
              (6 damage)
             ... on level 6 of the Dungeon.
             The game lasted 00:02:30 (4867 turns).

qw the Skirmisher (Gargoyle Hunter)                 Turns: 4867, Time: 00:02:31

Health: -3/50      AC: 17    Str: 15    XL:     8   Next: 57%
Magic:  8/8        EV: 11    Int: 10    God:
Gold:   202        SH:  0    Dex: 15    Spells: 7/7 levels left

rFire   . . .        Y - +2 shortbow
rCold   . . .        (shield currently unavailable)
rNeg    + . .        f - +0 ring mail
rPois   inf          i - +0 helmet
rElec   +            (no cloak)
rCorr   .            (no gloves)
SInv    .            j - +0 pair of boots
Will    .....        (no amulet)
Stlth   +            h - +4 ring of protection
HPRegen 0.28/turn    (no ring)
MPRegen 0.11/turn

%: no passive effects
@: no status effects
A: sickness immunity, AC +5, negative energy resistance 1, electricity
resistance, torment resistance 1, petrification resistance
a: no special abilities


You were on level 6 of the Dungeon.
You visited 2 branches of the dungeon, and saw 7 of its levels.

You collected 202 gold pieces.


Innate Abilities, Weirdness & Mutations

You are immune to sickness and miasma.
Your stone body is resilient. (AC +5)
You are immune to poison.
You resist negative energy. (rN+)
You are resistant to electric shocks. (rElec)
You are resistant to unholy torment.
You are immune to petrification.


   Skills:
 + Level 5.5 Fighting
 - Level 9.0 Ranged Weapons
 - Level 3.3 Armour
 - Level 2.3 Dodging
 - Level 1.1 Stealth


You had 7 spell levels left.
You didn't know any spells.
Your spell library was empty.

Inventory:

Hand Weapons
 Y - a +2 shortbow (weapon)
Armour
 f - a +0 ring mail (worn)
 i - a +0 helmet (worn)
 j - a +0 pair of boots (worn)
Jewellery
 h - a +4 ring of protection (left hand)
Scrolls
 g - a scroll of identify
Potions
 a - a potion of mutation
 b - 2 potions of attraction
 c - a potion of cancellation {unknown}
 d - a potion of brilliance {unknown}
 k - a potion of might
 m - a potion of curing

Dungeon Overview and Level Annotations

Branches:
Dungeon (6/15)             Temple (1/1) D:6

Altars:
Ashenzari
Cheibriados
Elyvilon
Gozag
Hepliaklqana
Kikubaaqudgha
Makhleb
Okawaru
Qazlal
Ru
Trog
Uskayaw
Vehumet
Wu Jian
Xom
Zin

Shops:
D:1 [   D:5 :

Annotations:
D:6 Pikel


Message History

Pikel is moderately wounded.
The lemure barely misses you. The lemure hits you but does no damage.
Pikel barely misses you.
You shoot an arrow. The arrow hits Pikel.
Pikel is moderately wounded.
The lemure closely misses you. Pikel barely misses you.
The lemure hits you but does no damage.
You shoot an arrow. The arrow hits Pikel.
Pikel is heavily wounded.
The lemure hits you but does no damage. x2; Pikel hits you but does no damage.
You shoot an arrow.
The arrow hits Pikel but does no damage.
Pikel is heavily wounded.
The lemure barely misses you. The lemure hits you but does no damage.
Pikel hits you with a +2 whip of freezing.
Pikel freezes you.
You shoot an arrow. The arrow hits Pikel.
Pikel is severely wounded.
The lemure misses you. The lemure hits you but does no damage.
Pikel hits you but does no damage.
You shoot an arrow. The arrow closely misses Pikel.
The lemure barely misses you. Pikel barely misses you. The lemure hits you.
You shoot an arrow. The arrow hits Pikel.
Pikel is severely wounded.
The lemure hits you but does no damage.
Pikel hits you with a +2 whip of freezing.
Pikel freezes you. The lemure hits you but does no damage.
You shoot an arrow. The arrow hits Pikel.
Pikel is almost dead.
The lemure misses you.
Pikel hits you with a +2 whip of freezing.
Pikel freezes you. The lemure barely misses you.
You shoot an arrow. The arrow hits Pikel.
Pikel is almost dead.
The lemure hits you. Pikel hits you but does no damage. The lemure hits you.
You shoot an arrow. The arrow closely misses Pikel.
Pikel hits you but does no damage. The lemure barely misses you.
The lemure hits you but does no damage.
Pikel hits you with a +2 whip of freezing.
You die...

.......# #........#####.........
.......####........#...########..
...........#####'###....#.....#..
.......>...#......#.....#.....#..
...........#......##...##.....#..
...........######'##...######'#..
######.............#..........#..
#.........K...'..........#..
#.%........@..##'#####'###..
###'###....55.........#...#..
#.....##+##...........#...#..
#.#'#.#.[.+...........#...#).
+.#>#.+...#...........##'##))
#.###.#...#....##'#..........
#.....#...#....#..#..........
###'###...#....#..#..........
###....###'##....#..#..........


You could see Pikel and 2 lemures.

Vanquished Creatures
  Eustachio (D:5)
  Menkaure (D:5)
  A water moccasin (D:5)
  A black bear (D:6)
  An ice beast (D:6)
  A sky beast (D:6)
  An ogre (D:5)
  2 lemures (D:6)
  2 scorpions
  4 hounds
  An orc priest (D:4)
  An iguana (D:6)
  Natasha (thrice) (D:4)
  5 adders
  2 worms
  3 dart slugs
  10 orcs
  5 endoplasms
  A giant cockroach (D:3)
  11 goblins
  7 hobgoblins
  7 kobolds
  3 quokkas
  6 ball pythons
  7 bats
  4 frilled lizards
  A quokka zombie (D:4)
  9 rats
  A rat zombie (D:4)
102 creatures vanquished.

Vanquished Creatures (others)
  A sky beast (D:6)
  An orc wizard (D:6)
  2 orcs (D:6)
4 creatures vanquished.

Grand Total: 106 creatures vanquished

Notes
Turn   | Place    | Note
-------+----------+-------------------------------------------
     0 | D:1      | qw the Gargoyle Hunter began the quest for the Orb.
     0 | D:1      | Reached XP level 1. HP: 12/12 MP: 1/1
     0 | D:1      | 0 ||| qw: Version: 0.2-a-29-gc1b59c4
     0 | D:1      | 0 ||| qw: Game counter: 4494
     0 | D:1      | 0 ||| qw: Always use a shield: true
     0 | D:1      | 0 ||| qw: God list: Okawaru
     0 | D:1      | 0 ||| qw: Allow faded altars: false
     0 | D:1      | 0 ||| qw: Do Orc after D:15 true
     0 | D:1      | 0 ||| qw: Do second Lair branch before Depths: true
     0 | D:1      | 0 ||| qw: Lair rune preference: random
     0 | D:1      | 0 ||| qw: Plans: Normal, Zot:1-4, Slime:5, God:TSO, Crypt,
                  | Tomb, Abyss, Pan, Hells, Win
     0 | D:1      | 0 ||| PLANNING D:1-11
   104 | D:1      | Reached XP level 2. HP: 17/17 MP: 2/2
   303 | D:1      | Found a faded altar of an unknown god.
   404 | D:1      | Found Jes Eghe's Antique Armour Shoppe.
   410 | D:1      | 410 ||| SHOPLISTING glowing robe (99 gold, have 35).
   410 | D:1      | 410 ||| SHOPLISTING pair of runed gloves (202 gold, have
                  | 35).
   410 | D:1      | 410 ||| SHOPLISTING runed robe (99 gold, have 35).
   828 | D:1      | 828 ||| UPGRADING to +0 ring mail.
   838 | D:1      | 838 ||| DROPPING +0 leather armour.
   839 | D:1      | 839 ||| UPGRADING to +0 helmet.
   844 | D:1      | 844 ||| UPGRADING to +4 ring of protection.
   845 | D:1      | 845 ||| READING scroll labelled MATEAG PYAGOLA.
   846 | D:1      | 846 ||| READING 2 scrolls labelled SACKEGHOANU.
   849 | D:1      | 849 ||| READING 2 scrolls labelled RUXEEGGUPT.
   850 | D:1      | 850 ||| READING scroll labelled USKOAN FEEQ.
   851 | D:1      | 851 ||| READING scroll labelled CATINE ECZOMEWK.
   852 | D:1      | 852 ||| DROPPING scroll of butterflies.
   925 | D:2      | Reached XP level 3. HP: 21/21 MP: 3/3
   947 | D:2      | Reached skill level 1 in Armour
  1054 | D:2      | Reached skill level 5 in Ranged Weapons
  1063 | D:2      | Found a shimmering altar of Xom.
  1445 | D:2      | 1445 ||| READING scroll labelled NIHOITE VOOFIF.
  1460 | D:2      | 1460 ||| READING scroll labelled LOEFILIAKU.
  1515 | D:3      | Reached skill level 3 in Fighting
  1515 | D:3      | Reached XP level 4. HP: 21/28 MP: 4/4
  1976 | D:3      | Found an iron altar of Okawaru.
  1977 | D:3      | 1977 ||| PLANNING OKAWARU WORSHIP
  2032 | D:3      | 2032 ||| READING scroll labelled TOBOBE WUUH.
  2033 | D:3      | 2033 ||| READING scroll labelled DEUVUHABOU.
  2034 | D:3      | 2034 ||| READING scroll labelled GOBBUZ IKIF.
  2035 | D:3      | 2035 ||| READING scroll labelled FOB KYBIACK.
  2136 | D:3      | 2136 ||| READING 3 scrolls of identify.
  2136 | D:3      | 2136 ||| IDENTIFYING bubbling red potion
  2137 | D:3      | 2137 ||| READING 2 scrolls of identify.
  2137 | D:3      | 2137 ||| IDENTIFYING sedimented puce potion
  2138 | D:3      | 2138 ||| PLANNING D:1-11
  2161 | D:3      | 2161 ||| PLANNING OKAWARU WORSHIP
  2245 | D:3      | 2245 ||| PLANNING D:1-11
  2278 | D:4      | Noticed a scorpion
  2279 | D:4      | 2279 ||| PLANNING SEWER
  2287 | D:4      | 2287 ||| STAIRDANCE
  2294 | D:3      | Killed a scorpion
  2295 | D:3      | Reached XP level 5. HP: 11/32 MP: 5/5
  2301 | D:3      | Reached skill level 6 in Ranged Weapons
  2563 | D:4      | Noticed Natasha
  2565 | D:4      | 2565 ||| Stepping ~*~*~tactically~*~*~ (outnumbered).
  2574 | D:4      | Killed Natasha
  2575 | D:4      | Reached XP level 6. HP: 37/38 MP: 6/6
  2602 | D:4      | Noticed Natasha
  2615 | D:4      | Killed Natasha
  2745 | D:4      | Found a sand-covered staircase.
  2776 | D:4      | Noticed Natasha
  2782 | D:4      | Killed Natasha
  2875 | D:4      | 2875 ||| FLEEEEING.
  2876 | D:4      | 2876 ||| FLEEEEING.
  2877 | D:4      | 2877 ||| FLEEEEING.
  2878 | D:4      | 2878 ||| FLEEEEING.
  2879 | D:4      | 2879 ||| FLEEEEING.
  2880 | D:4      | 2880 ||| FLEEEEING.
  2882 | D:4      | 2882 ||| FLEEEEING.
  2883 | D:4      | 2883 ||| FLEEEEING.
  2884 | D:4      | 2884 ||| FLEEEEING.
  2885 | D:4      | 2885 ||| FLEEEEING.
  2886 | D:4      | 2886 ||| FLEEEEING.
  2890 | D:4      | 2890 ||| FLEEEEING.
  2891 | D:4      | 2891 ||| FLEEEEING.
  2892 | D:4      | 2892 ||| FLEEEEING.
  2893 | D:4      | 2893 ||| FLEEEEING.
  2894 | D:4      | 2894 ||| FLEEEEING.
  2895 | D:4      | 2895 ||| FLEEEEING.
  2900 | D:4      | 2900 ||| FLEEEEING.
  2901 | D:4      | 2901 ||| FLEEEEING.
  2902 | D:4      | 2902 ||| STAIRDANCE
  2919 | D:3      | 2919 ||| READING 2 scrolls labelled JURYSU PAO.
  2920 | D:3      | 2920 ||| READING scroll of enchant weapon.
  2920 | D:3      | 2920 ||| ENCHANTING +1 shortbow.
  2921 | D:3      | 2921 ||| DRINKING 2 smoky grey potions.
  2924 | D:4      | 2924 ||| STAIRDANCE
  3043 | D:4      | 3043 ||| RIP SEWER
  3043 | D:4      | 3043 ||| RIP OSSUARY
  3043 | D:4      | 3043 ||| PLANNING D:1-11
  3065 | D:5      | Entered Level 5 of the Dungeon
  3065 | D:5      | Found Hookuh's Book Shop.
  3077 | D:5      | Noticed Eustachio
  3113 | D:5      | 3113 ||| FLEEEEING.
  3114 | D:5      | 3114 ||| FLEEEEING.
  3118 | D:5      | 3118 ||| FLEEEEING.
  3119 | D:5      | 3119 ||| FLEEEEING.
  3120 | D:5      | 3120 ||| FLEEEEING.
  3121 | D:5      | 3121 ||| FLEEEEING.
  3122 | D:5      | 3122 ||| FLEEEEING.
  3123 | D:5      | 3123 ||| STAIRDANCE
  3254 | D:5      | Found a bloodstained altar of Trog.
  3255 | D:5      | 3255 ||| Stepping ~*~*~tactically~*~*~ (outnumbered).
  3258 | D:5      | 3258 ||| Stepping ~*~*~tactically~*~*~ (outnumbered).
  3314 | D:5      | 3314 ||| FLEEEEING.
  3315 | D:5      | 3315 ||| FLEEEEING.
  3316 | D:5      | 3316 ||| FLEEEEING.
  3317 | D:5      | 3317 ||| FLEEEEING.
  3318 | D:5      | 3318 ||| FLEEEEING.
  3319 | D:5      | 3319 ||| FLEEEEING.
  3335 | D:5      | Killed Eustachio
  3336 | D:5      | Reached skill level 7 in Ranged Weapons
  3336 | D:5      | Reached XP level 7. HP: 24/43 MP: 7/7
  3538 | D:5      | Reached skill level 8 in Ranged Weapons
  3597 | D:5      | Found a broken altar of Ashenzari.
  3597 | D:5      | Found a hide-covered altar of Uskayaw.
  3599 | D:5      | Found a radiant altar of Vehumet.
  3767 | D:5      | Found a burning altar of Makhleb.
  3972 | D:5      | 3972 ||| UPGRADING to +0 pair of boots.
  3977 | D:5      | 3977 ||| READING scroll labelled FOWKEI PODYLI.
  3995 | D:6      | Noticed Menkaure
  3996 | D:6      | 3996 ||| Stepping ~*~*~tactically~*~*~ (outnumbered).
  4006 | D:6      | 4006 ||| STAIRDANCE
  4009 | D:5      | Killed Menkaure
  4010 | D:5      | Reached skill level 3 in Armour
  4010 | D:5      | Reached XP level 8. HP: 34/49 MP: 8/8
  4119 | D:6      | Found a snail-covered altar of Cheibriados.
  4272 | D:6      | Noticed Pikel
  4289 | D:6      | HP: 12/49 [orc/+0 whip (1)]
  4290 | D:6      | 4290 ||| READING scroll of teleportation.
  4520 | D:6      | Found a staircase to the Ecumenical Temple.
  4521 | D:6      | 4521 ||| PLANNING TEMPLE
  4521 | D:6      | 4521 ||| READING scroll labelled CEACA DEUWK.
  4532 | Temple   | Entered the Ecumenical Temple
  4631 | Temple   | 4631 ||| PLANNING D:1-11
  4660 | D:6      | Reached skill level 9 in Ranged Weapons
  4865 | D:6      | HP: 11/50 [Pikel/+2 whip of freezing (6)]
  4866 | D:6      | HP: 3/50 [lemure[Pikel] (5)]
  4867 | D:6      | Slain by Pikel

Levels and vault maps discovered:
D:1:      heliophobic_arrival_battle_scene, layout_loops_ring, serial_shops,
          nicolae_shop_hallway_plus,
          dreamdust_ecumenical_altar_hidden_monk_grotto
D:2:      layout_basic, basic_altar, minmay_misc_feat_x, st_stairs_7
D:3:      layout_basic, general_overflow_altar
D:4:      layout_cave_pools, enter_ossuary_4, portal_sewer_entry_d,
          sigmund_army, uniq_natasha
D:5:      layout_basic, lemuel_crystal_altar, trog_hazing_becter,
          chequers_temple_overflow_statue_of_worship, nicolae_stop_n_shop_1,
          uniq_eustachio
D:6:      layout_gridville, cheibriados_altar_1, minitemple,
          minmay_temple_entry_glassed_door, lemuel_flamethrower_2, uniq_pikel,
          uniq_menkaure, uniq_grinder
Temple:   hellmonk_temple_beads

Skill      XL: |  1  2  3  4  5  6  7  8 |
---------------+-------------------------+-----
Armour         | 1 3 |  3.3
Ranged Weapons | 5 6 7 8 9 |  9.0
Fighting       | 3 4 5 |  5.5
Dodging        | 2 |  2.3
Stealth        | |  1.1

Action                     |  1- 3 |  4- 6 |  7- 9 || total
---------------------------+-------+-------+-------++-------
   Fire: Shortbow          |    99 |   234 |   165 ||   498
    Use: Scroll            |     7 |     8 |     3 ||    18
         Potion            |       |     1 |       ||     1
 Armour: Leather armour    |     2 |       |       ||     2
         Ring mail         |    19 |   129 |   115 ||   263
  Dodge: Dodged            |    34 |   158 |    92 ||   284

Table legend:
 A = Non-vault XP
 B = Vault XP
 C = Vault XP percentage of total XP
 D = Non-vault monster count
 E = Vault monster count
 F = Vault count percentage of total count
                 A         B        C        D         E       F
            +---------+---------+-------+---------+---------+-------
      Total |    1435 |     428 |  23.0 |      86 |      15 |  14.9
            +---------+---------+-------+---------+---------+-------
        D:1 |      31 |       0 |   0.0 |      19 |       0 |   0.0
        D:2 |      30 |       5 |  14.3 |      14 |       3 |  17.6
        D:3 |     177 |       0 |   0.0 |      24 |       0 |   0.0
        D:4 |     183 |      51 |  21.8 |      11 |       4 |  26.7
        D:5 |     343 |     372 |  52.0 |       7 |       8 |  53.3
        D:6 |     671 |       0 |   0.0 |      11 |       0 |   0.0
            +---------+---------+-------+---------+---------+-------
